AoeStats
← crtolino93

Enclosed

504963375Analyzed
1v1 RM · 26d ago on Sep 7, 2026· 40m 34s· 2 players
Game mode
Random Map
Map size
Tiny (2 player)
Population
200
Speed
Normal
Resources
Standard
Victory
Conquest
Starting age
Dark Age
Ending age
Imperial Age
RankedLock teamsTeams togetherTeam positionsShared explorationLock speedFull tech treeHidden civsTurbo modeCheats
Victory
Defeat
🇩🇪 Wei · Germany
1198
+15
🇸🇮 Ethiopians · Slovenia
1182
-15
crtolino93
1:59 Loom
10:52 Feudal Age
11:46 Double-Bit Axe
12:19 Fletching
13:06 Padded Archer Armor
13:00 Horse Collar
20:31 Castle Age
20:30 Wheelbarrow
20:58 Crossbowman
21:37 Bodkin Arrow
22:10 Bow Saw
23:17 Elite Skirmisher
26:01 Ballistics
25:45 Town Watch
34:01 Imperial Age
32:11 Scale Mail Armor
33:08 Chain Mail Armor
33:00 Squires
34:52 Leather Archer Armor
35:48 Chemistry
35:39 Light Cavalry
37:27 Bracer
Purle Paus
7:09 Loom
9:43 Feudal Age
10:36 Double-Bit Axe
10:34 Horse Collar
13:01 Forging
14:43 Gold Mining
19:24 Castle Age
17:38 Stone Mining
18:34 Fletching
19:29 Padded Archer Armor
20:02 Bloodlines
21:13 Bow Saw
21:30 Heavy Plow
22:15 Bodkin Arrow
23:42 Husbandry
25:36 Tuntian
26:21 Scale Barding Armor
28:23 Iron Casting
29:41 Wheelbarrow
30:37 Chain Barding Armor
31:20 Hand Cart
31:43 Gold Shaft Mining
32:16 Light Cavalry
34:33 Thumb Ring
39:51 Imperial Age
37:07 Town Watch
39:26 Leather Archer Armor
40:24 Hussar
Connection lost

Rejoining the realm…

Still unreachable

The connection could not be restored.

Session expired

The server has moved on; the page needs a fresh start.